 Dungeon Crawl Stone Soup version 0.26-a0-651-gb41185065b (webtiles) character file.

Game seed: 2281386081332945401

(classic levelgen) 469 EnegeticOcto the Sneak (level 6, -9/56 HPs)
             Began as a Deep Dwarf Delver on Oct 24, 2020.
             Was an Initiate of Ru.
             Mangled by an orc warrior
             ... wielding a +0 war axe of electrocution
              (13 damage)
             ... on level 9 of the Dungeon.
             The game lasted 00:04:09 (703 turns).

EnegeticOcto the Sneak (Deep Dwarf Delver)           Turns: 703, Time: 00:04:09

Health: -9/56      AC:  6    Str: 15    XL:     6   Next: 82%
Magic:  5/5        EV: 10    Int: 13    God:    Ru [......]
Gold:   75         SH:  0    Dex: 14    Spells: 4/7 levels left

rFire    . . .     SeeInvis .   a - +0 hand axe
rCold    . . .     Faith    .   (no shield)
rNeg     . . .     Spirit   .   k - +0 scale mail
rPois    .         Reflect  .   (no helmet)
rElec    .         Harm     .   (no cloak)
rCorr    .         Rampage  .   (no gloves)
MR       .....                  (no boots)
Stlth    ++........             (no amulet)
HPRegen  0.00/turn              (no ring)
MPRegen  0.09/turn              (no ring)

@: non-regenerating, slowed, very slow
A: damage resistance, heal wounds, sense surroundings 1, no regeneration
a: Heal Wounds, Renounce Religion


You were on level 9 of the Dungeon.
You worshipped Ru.
Ru was noncommittal.
You visited 2 branches of the dungeon, and saw 5 of its levels.

You collected 75 gold pieces.

Inventory:

Hand Weapons
 a - a +0 hand axe (weapon)
Armour
 b - a +0 leather armour
 k - a +0 scale mail (worn)
Wands
 g - a wand of digging (3) {@v3}
Scrolls
 c - a scroll of fog
 d - a scroll of magic mapping {@r5}
 e - a scroll of fear
 i - 2 scrolls of remove curse {unknown}
 m - a scroll of noise {unknown}
Potions
 f - a potion of haste {@q4}
 h - 3 potions of brilliance {unknown}
 l - a potion of lignification {unknown}


   Skills:
 - Level 3.2 Fighting
 + Level 6.4 Axes
 - Level 3.0 Dodging
 - Level 6.5 Stealth
 + Level 1.3 Spellcasting
 + Level 1.8 Necromancy


You had 4 spell levels left.
You knew the following spells:

 Your Spells              Type           Power        Failure   Level
a - Vampiric Draining     Necr           #.........   85%         3

Your spell library contained the following spells:

 Spells                   Type           Power        Failure   Level
 Animate Skeleton         Necr           #.....       47%         1
 Pain                     Necr           #...         47%         1
 Shock                    Conj/Air       #...         75%         1
 Swiftness                Air            #.......     87%         2
 Static Discharge         Conj/Air       #.......     98%         3
 Animate Dead             Necr           #.........   99%         4
 Airstrike                Air            #.........   100%        4
 Agony                    Necr           #.......     100%        5
 Lightning Bolt           Conj/Air       #.........   100%        5


Dungeon Overview and Level Annotations

Branches:
Dungeon (7/15)             Temple (1/1) D:5

Altars:
Cheibriados
Elyvilon
Gozag
Hepliaklqana
Okawaru
Qazlal
Ru
Wu Jian
Xom
Yredelemnul
Zin

Annotations:
D:6 3 runed translucent doors, kae's ghost, novice DsGl


Innate Abilities, Weirdness & Mutations

You are resistant to damage.
You can heal yourself by infusing magical energy.
You passively map a small area around you.
You do not regenerate.


Message History

You resist with significant effort.
The orc wizard looks encouraged for a moment.
The helpless orc warrior fails to defend itself.
You hit the orc warrior.
The orc warrior is heavily wounded.
You hit the orc wizard but do no damage.
You hit the orc wizard. You hit the orc. You barely miss the orc wizard.
You hit the orc priest.
The orc wizard hits you with a +0 dagger.
The orc wizard barely misses you. The orc closely misses you.
The orc hits you with a +0 club.
The orc priest hits you with a +0 falchion.
The orc wizard barely misses you.
The helpless orc warrior fails to defend itself.
You hit the orc warrior but do no damage.
The orc warrior is heavily wounded.
You hit the orc wizard.
You hit the orc wizard but do no damage.
You hit the orc.
You kill the orc!
You closely miss the orc wizard. You hit the orc priest.
The orc wizard hits you but does no damage. x2
The orc barely misses you. The orc priest barely misses you.
The helpless orc warrior fails to defend itself.
You hit the orc warrior.
The orc warrior is heavily wounded.
You hit the orc wizard. You barely miss the orc wizard.
You closely miss the orc wizard. You barely miss the orc priest.
The orc wizard barely misses you. x2
The orc hits you from afar with a +0 trident.
The orc wizard hits you but does no damage.
The orc priest calls upon Beogh to heal the orc warrior.
The orc warrior is healed somewhat.
The helpless orc warrior fails to defend itself.
You hit the orc warrior but do no damage.
The orc warrior is moderately wounded.
You hit the orc priest. You hit the orc. You hit the orc wizard.
You hit the orc wizard but do no damage.
You hit the orc wizard.
The orc wizard gestures at you while chanting.
The magic dart hits you but does no damage.
The orc hits you from afar with a +0 trident.
The orc closely misses you.
The orc wizard gestures at you while chanting.
The puff of flame hits you.
The orc priest hits you with a +0 falchion.
The helpless orc warrior fails to defend itself.
You hit the orc warrior but do no damage.
The orc warrior is moderately wounded.
You barely miss the orc priest. You barely miss the orc.
You hit the orc wizard. You closely miss the orc wizard.
You hit the orc warrior but do no damage.
The orc wizard gestures wildly while chanting.
The orc wizard blinks!
The orc wizard hits you but does no damage.
The orc hits you from afar with a +0 trident.
The orc hits you. The orc wizard barely misses you.
The helpless orc warrior fails to defend itself.
You hit the orc warrior but do no damage.
The orc warrior is moderately wounded.
You closely miss the orc priest. You hit the orc.
You kill the orc!
You barely miss the orc wizard. You closely miss the orc wizard.
You hit the orc warrior but do no damage.
The orc wizard gestures wildly while chanting.
The orc wizard blinks!
The orc wizard gestures wildly while chanting.
The orc wizard blinks!
The orc barely misses you. The orc wizard barely misses you.
The helpless orc warrior fails to defend itself.
You hit the orc warrior.
The orc warrior is moderately wounded.
You hit the orc warrior but do no damage.
You barely miss the orc warrior. You hit the orc wizard.
You closely miss the orc wizard. You hit the orc priest.
The orc priest closely misses you.
The orc warrior hits you with a cursed -3 short sword!
The orc wizard points at you and mumbles some strange words.
You feel yourself slow down.
The orc wizard miscasts a cantrip.
The orc hits you but does no damage.
The helpless orc warrior fails to defend itself.
You hit the orc warrior.
The orc warrior is heavily wounded.
You barely miss the orc warrior. You hit the orc warrior.
You closely miss the orc wizard. You hit the orc wizard.
You closely miss the orc priest.
The orc warrior is no longer paralysed.
A black bear comes into view.
The orc wizard gestures wildly while chanting.
The orc wizard blinks!
The orc warrior barely misses you.
The orc priest hits you with a +0 falchion!
The orc warrior hits you with a cursed -3 short sword.
The orc wizard hits you but does no damage.
The orc hits you from afar with a +0 trident.
The orc warrior hits you with a cursed -3 short sword!
* * * LOW HITPOINT WARNING * * *
The orc priest hits you but does no damage.
The orc wizard hits you but does no damage.
The orc warrior hits you with a +0 war axe of electrocution!
You die...

###### #....# # *
* * #..ยง.# .## **
#...o#o..#.. *
#..o@oo.....,
......ooo....h.
,,........o..o....
,
,,.........#...#..
,* , ,
....<....##8## .
.........# ##
.......... , ,
......... ,


You could see 3 orc warriors, a black bear (wandering), an orc priest, 3 orc
wizards and 3 orcs.

Vanquished Creatures
  Duvessa (D:7)
  A lemure (D:6)
  A centaur (D:6)
  A bullfrog (D:6)
  Dowan (D:7)
  A bullfrog skeleton (D:7)
  2 hounds (D:6)
  2 worker ants (D:6)
  2 adders
  A shadow imp (D:6)
  An ufetubus (D:6)
  An adder zombie (D:6)
  An adder skeleton (D:6)
  A leopard gecko (D:6)
  2 orcs (D:9)
19 creatures vanquished.

Notes
Turn   | Place    | Note
-------+----------+-------------------------------------------
     0 | D:5      | EnegeticOcto the Deep Dwarf Delver began the quest for the
                  | Orb.
     0 | D:5      | Reached XP level 1. HP: 20/20 MP: 1/1
     5 | D:5      | Found a staircase to the Ecumenical Temple.
    11 | Temple   | Entered the Ecumenical Temple
    61 | Temple   | Became a worshipper of Ru the Awakened
   122 | D:5      | Reached XP level 2. HP: 20/27 MP: 2/2
   164 | D:6      | Reached XP level 3. HP: 19/34 MP: 3/3
   218 | D:6      | Found a shimmering altar of Xom.
   219 | D:6      | Found a hazy altar of Hepliaklqana.
   235 | D:6      | Reached XP level 4. HP: 38/42 MP: 4/4
   236 | D:6      | Noticed a spectral ugly thing
   344 | D:7      | Reached XP level 5. HP: 25/49 MP: 5/5
   353 | D:7      | Noticed Dowan
   433 | D:7      | Noticed Duvessa
   449 | D:7      | Killed Dowan
   449 | D:7      | Reached skill level 5 in Axes
   469 | D:7      | Killed Duvessa
   469 | D:7      | Reached XP level 6. HP: 13/56 MP: 5/5
   479 | D:7      | Found an opulent altar of Gozag.
   495 | D:7      | Learned a level 3 spell: Vampiric Draining
   529 | D:6      | Reached skill level 1 in Necromancy
   588 | D:6      | Reached skill level 1 in Spellcasting
   635 | D:6      | Found a runed translucent gate.
   637 | D:6      | Found a runed translucent gate.
   638 | D:6      | Found a runed translucent gate.
   640 | D:6      | Noticed kae's ghost (novice DsGl)
   668 | D:6      | Found a stormy altar of Qazlal.
   684 | D:6      | You fall into a shaft and drop 3 floors!
   686 | D:9      | Noticed an orc warrior
   686 | D:9      | Noticed an orc warrior
   690 | D:9      | Noticed an orc warrior
   703 | D:9      | Mangled by an orc warrior

Illustrated notes

Levels and vault maps discovered:
D:5:      layout_loops_ring, minmay_temple_entry_waves
D:6:      layout_loops_ring, regret_index_temple_of_mockery,
          grunt_qazlal_sundering, gammafunk_ghost_necromancy,
          kennysheep_generic_room_4
D:7:      layout_cave_pools, old_standard_altar, ebering_ghost_disaster_area,
          uniq_maggie, uniq_pikel, uniq_duvessa
D:9:      lemuel_flame_loot_2, layout_irregular_city,
          lemuel_zombie_altar_kikubaaqudgha, david_orc_4, minivault_4,
          eino_jars, uniq_maurice
Temple:   regret_index_temple_generic_petals

Skill      XL: |  1  2  3  4  5  6 |
---------------+-------------------+-----
Fighting       | 3 |  3.2
Axes           | 3 4 6 |  6.4
Dodging        | 3 |  3.0
Necromancy     | 1 |  1.8
Spellcasting   | 1 |  1.3
Stealth        | |  6.5

Action                   |  1- 3 |  4- 6 || total
-------------------------+-------+-------++-------
Melee: Hand axe          |    43 |   128 ||   171
 Abil: Heal Wounds       |     1 |    10 ||    11
Evoke: Wand              |       |     8 ||     8
 Stab: Sleeping          |     1 |     3 ||     4
       Paralysed         |       |    19 ||    19
Armor: Leather armour    |     8 |     7 ||    15
       Scale mail        |       |    35 ||    35
Dodge: Dodged            |    45 |    90 ||   135

Table legend: (Time is in decaauts)
 A = Elapsed time spent in this place.
 B = Non-inter-level travel time spent in this place.
 C = Inter-level travel time spent in this place.
 D = Time resting spent in this place.
 E = Time spent auto-exploring this place.
 F = Levels seen in this place.
 G = Mean time per level.
                   A        B        C        D        E       F      G
               +--------+--------+--------+--------+--------+-----+--------+
         Total |    716 |    665 |     51 |      0 |      0 |   5 |  143.2 |
       Dungeon |    628 |    613 |     15 |      0 |      0 |   4 |  157.0 |
        Temple |     87 |     51 |     36 |      0 |      0 |   1 |   87.0 |
               +--------+--------+--------+--------+--------+-----+--------+

Top non-repeatable levels by time:
     D:6: 404 daAuts
     D:7: 124 daAuts
  Temple: 87 daAuts
     D:5: 81 daAuts
     D:9: 18 daAuts
